AoeStats
← fat_dgk

Black Forest

508526225Analyzed
4v4 RM · 9d ago on Sep 22, 2026· 40m 5s· 8 players
Game mode
Random Map
Map size
Large (8 player)
Population
200
Speed
Normal
Resources
Standard
Victory
Conquest
Starting age
Dark Age
Ending age
Imperial Age
RankedLock teamsTeams togetherTeam positionsShared explorationLock speedFull tech treeHidden civsTurbo modeCheats
Victory
Defeat
🇺🇸 Celts · United States
1188
+13
🇬🇧 Khmer · United Kingdom
1176
+14
🇲🇽 Mongols · Mexico
1173
+14
🇨🇱 Dravidians · Chile
1138
+15
🇳🇴 Britons · Norway
1212
-17
🇬🇧 Burgundians · United Kingdom
1201
-17
🇳🇱 Random · Netherlands
1151
-15
🇵🇱 Random · Poland
929
-7
Swizhfish26
12:17 Feudal Age
16:29 Castle Age
15:28 Double-Bit Axe
17:42 Fishing Lines
18:46 Horse Collar
21:10 Forging
21:30 Loom
23:48 Forging
24:33 Heavy Plow
26:19 Wheelbarrow
26:10 Bow Saw
26:28 Forging
26:20 Scale Mail Armor
28:18 Hand Cart
30:52 Imperial Age
30:09 Stronghold
30:43 Gold Mining
30:44 Stone Mining
31:54 Furor Celtica
31:08 Onager
31:09 Capped Ram
31:59 Siege Ram
32:18 Siege Onager
34:30 Chemistry
33:21 Pikeman
34:30 Conscription
37:32 Gold Shaft Mining
37:33 Stone Shaft Mining
37:44 Halberdier
38:11 Gambesons
38:47 Chain Mail Armor
39:08 Iron Casting
40:30 Caravan
fat_dgk
10:24 Loom
12:53 Feudal Age
13:41 Man-at-Arms
18:36 Fletching
20:42 Double-Bit Axe
25:38 Castle Age
24:48 Padded Archer Armor
25:53 Fishing Lines
30:08 Bow Saw
31:43 Bodkin Arrow
32:04 Leather Archer Armor
33:43 Wheelbarrow
36:08 Imperial Age
34:28 Ballistics
34:27 Gillnets
35:25 Thumb Ring
37:10 Bracer
38:14 Chemistry
37:04 Horse Collar
36:48 Elite Elephant Archer
Megatron2002
0:28 Loom
13:33 Feudal Age
14:12 Feudal Age
14:47 Double-Bit Axe
18:21 Wheelbarrow
18:11 Fishing Lines
21:04 Castle Age
22:35 Bow Saw
23:32 Hand Cart
23:13 Fletching
23:24 Padded Archer Armor
24:02 Gold Mining
24:05 Gillnets
24:13 Bodkin Arrow
24:47 Stone Mining
28:06 Horse Collar
30:11 Gold Shaft Mining
29:53 Leather Archer Armor
29:56 Bloodlines
29:46 Husbandry
32:46 Imperial Age
30:03 Town Watch
30:39 Caravan
32:17 Ballistics
32:03 Thumb Ring
33:21 Heavy Plow
33:53 Parthian Tactics
34:30 Chemistry
33:33 Bracer
33:07 Elite Mangudai
34:13 Conscription
35:06 Drill
34:22 Capped Ram
35:04 Siege Ram
36:59 Siege Engineers
36:24 Onager
39:21 Siege Onager
Mufasa
1:18 Loom
11:05 Feudal Age
11:48 Double-Bit Axe
11:45 Horse Collar
17:52 Castle Age
16:36 Gold Mining
18:51 Bow Saw
18:44 Heavy Plow
19:09 Fletching
20:30 Stone Mining
21:34 Town Watch
24:38 Bloodlines
24:50 Bodkin Arrow
25:45 Padded Archer Armor
29:04 Sanctity
29:39 Ballistics
29:30 Husbandry
29:45 Redemption
29:10 Light Cavalry
30:14 Town Watch
33:53 Scale Barding Armor
37:58 Imperial Age
36:35 Wheelbarrow
36:16 Town Patrol
36:10 Pikeman
38:44 Gold Shaft Mining
39:00 Hand Cart
39:37 Careening
39:26 Murder Holes
39:41 Masonry
39:03 Elite Skirmisher
40:17 Conscription
41:02 Chemistry
39:53 Capped Ram
Medina90
1:10 Loom
11:57 Feudal Age
16:38 Castle Age
15:12 Double-Bit Axe
18:49 Scale Mail Armor
19:00 Forging
28:50 Chain Mail Armor
29:31 Wheelbarrow
33:46 Hand Cart
33:59 Bow Saw
34:16 Caravan
38:37 Imperial Age
36:00 Pikeman
36:26 Gambesons
36:47 Squires
36:32 Arson
38:04 Masonry
HYPNOS
0:35 Loom
13:28 Feudal Age
12:28 Double-Bit Axe
12:50 Stone Mining
16:53 Man-at-Arms
18:54 Forging
19:37 Scale Mail Armor
19:53 Fishing Lines
20:52 Gillnets
25:03 Bow Saw
28:10 Castle Age
27:07 Gold Mining
28:11 Stone Shaft Mining
28:59 Gold Shaft Mining
28:07 Horse Collar
34:33 Iron Casting
36:47 Imperial Age
34:51 Fortified Wall
35:24 Murder Holes
35:37 Fletching
37:37 Heavy Plow
37:51 Scale Barding Armor
38:09 Husbandry
39:33 Blast Furnace
39:30 Chain Barding Armor
Atlicious
5:23 Loom
10:41 Feudal Age
15:28 Castle Age
14:41 Double-Bit Axe
17:16 Fletching
22:07 Crossbowman
26:17 Bodkin Arrow
26:24 Padded Archer Armor
29:05 Wheelbarrow
28:16 Town Watch
28:48 Leather Archer Armor
35:15 Imperial Age
33:31 Hand Cart
35:27 Arbalester
36:15 Bracer
36:50 Yeomen
37:13 Ballistics
37:53 Chemistry
Obsessive
11:53 Feudal Age
13:00 Feudal Age
14:36 Double-Bit Axe
17:13 Castle Age
17:06 Scale Mail Armor
21:13 Forging
20:53 Loom
23:24 Horse Collar
24:09 Stone Mining
25:41 Wheelbarrow
29:29 Scale Barding Armor
29:45 Bow Saw
31:48 Vendel Legacy
33:19 Bloodlines
33:45 Husbandry
34:09 Chain Barding Armor
35:50 Hand Cart
35:43 Town Watch
36:36 Iron Casting
38:05 Gold Mining
Connection lost

Rejoining the realm…

Still unreachable

The connection could not be restored.

Session expired

The server has moved on; the page needs a fresh start.